 Dungeon Crawl Stone Soup version 0.30-a0-422-g946f4849ff (webtiles) character file.

Game seed: 9761373753566232548

22320 kae the Frost Mage (level 12, -1/102 HPs)
             Began as a Green Draconian Transmuter on Dec 8, 2022.
             Was a High Priest of Ru.
             Slain by a snapping turtle (17 damage)
             ... on level 2 of the Lair of Beasts.
             The game lasted 00:18:27 (15485 turns).

kae the Frost Mage (Green Draconian Transmuter)    Turns: 15485, Time: 00:18:27

Health: -1/102     AC: 13    Str: 12    XL:     12   Next: 62%
Magic:  21/22      EV: 10    Int: 17    God:    Ru [*****.]
Gold:   916        SH:  0    Dex: 14    Spells: 19/29 levels left

rFire   x . .      SeeInvis .      - Unarmed
rCold   + + +      Faith    .    (shield currently unavailable)
rNeg    . . .      Spirit   .    (body armour unavailable)
rPois   +          Reflect  .    (helmet currently unavailable)
rElec   .          Harm     .    (cloak currently unavailable)
rCorr   .          Rampage  .    (gloves currently unavailable)
Will    .....                    (boots currently unavailable)
Stlth   +.........               g - amulet of regeneration
HPRegen 1.17/turn                O - +4 ring of protection
MPRegen 0.18/turn                C - ring of protection from cold

@: ice-form, studying Stealth, unable to drink
A: freezing attack, amphibious, boosted hp, (breathe noxious fumes), AC +8,
large, unfitting armour, low MP 1, (poison resistance), (cold-blooded),
inability to drink after injury 2, inability to use devices, disrupted magic 1
a: End Transformation, Renounce Religion, Draw Out Power, Power Leap, Apocalypse


You were on level 2 of the Lair of Beasts.
You worshipped Ru.
Ru was extremely pleased with you.
You were a creature of crystalline ice.
You visited 3 branches of the dungeon, and saw 14 of its levels.

You collected 916 gold pieces.


Innate Abilities, Weirdness & Mutations

You are a creature of crystalline ice.
You have a powerful freezing melee attack.
You are amphibious.
Your maximum health is increased.
Your armour is entirely melded.
You are incapable of wielding weapons or throwing items.
((You can breathe blasts of noxious fumes.))
((Your lurid green scales are hard. (AC +8)))
You cannot fit into any form of body armour.
Your magical capacity is low. (-10% MP)
((Your system is resistant to poisons. (rPois)))
((You are cold-blooded and may be slowed by cold attacks.))
You sometimes lose the ability to drink potions when taking damage.
You cannot study or use magical devices.
Your casting is slightly disrupted.


   Skills:
 + Level 2.3 Fighting
 + Level 2.4 Dodging
 * Level 10.4 Unarmed Combat
 + Level 9.1 Spellcasting
 + Level 10.0 Transmutations
 - Level 12.7 Ice Magic
 - Level 2.6 Poison Magic


You had 19 spell levels left.
You knew the following spells:

 Your Spells              Type           Power      Damage    Failure   Level
a - Beastly Appendage     Tmut           82%        N/A       1%          1
b - Wereblood             Tmut           41%        N/A       1%          2
c - Spider Form           Tmut/Pois      29%        N/A       3%          3
d - Ice Form              Ice/Tmut       46%        N/A       1%          4

Your spell library contained the following spells:

 Spells                   Type           Power      Damage    Failure   Level
 Hailstorm                Conj/Ice       29%        3d8       3%          3
 Apportation              Tloc           14%        N/A       14%         1
 Magic Dart               Conj           28%        1d4       14%         1
 Necrotise                Necr           28%        1d5       14%         1
 Sandblast                Erth           14%        2d6       14%         1
 Shock                    Conj/Air       28%        1d4       14%         1
 Summon Small Mammal      Summ           28%        N/A       14%         1
 Call Imp                 Summ           7%         N/A       21%         2
 Mephitic Cloud           Conj/Pois/Air  10%        N/A       26%         3
 Inner Flame              Hex/Fire       7%         N/A       36%         3
 Stone Arrow              Conj/Erth      14%        3d7       36%         3
 Swiftness                Air            7%         N/A       36%         3
 Airstrike                Air            3%         2d(1-17)  75%         4
 Animate Dead             Necr           7%         N/A       75%         4
 Flame Wave               Conj/Fire      7%         2d5       75%         4
 Sticky Flame             Conj/Fire      7%         2d3       75%         4
 Simulacrum               Ice/Necr       14%        N/A       78%         6
 Haunt                    Necr/Summ      3%         N/A       100%        7
 Malign Gateway           Summ/Tloc      3%         N/A       100%        7
 Infestation              Necr           3%         N/A       100%        8
 Lehudib's Crystal Spear  Conj/Erth      3%         10d3      100%        8
 Summon Horrible Things   Summ           3%         N/A       100%        8
 Animate Armour           Summ/Erth      Unusable   N/A       N/A         4

Inventory:

Hand Weapons
 R - the +9 falchion "Listrom" {drain, Str+3 Int+2}
   (You found it on level 10 of the Dungeon)

   A truly terrible weapon, it drains the life of any living foe it strikes.
   Str:       It affects your strength (+3).
   Int:       It affects your intelligence (+2).
Missiles
 e - 12 boomerangs
 h - 8 javelins
 i - 92 stones
 s - 5 silver javelins
 D - 2 atropa-tipped darts
 G - 29 poisoned darts
 L - 2 silver boomerangs
Armour
 Q - the +3 Mad Mage's Maulers (melded) {Infuse+∞ RegenMP Int-3}
   (You found it on level 10 of the Dungeon)

   It empowers its wearer's blows with all of their magic.
   It causes its wearer's magical reserves to regenerate more quickly.
   Int:       It affects your intelligence (-3).
Magical Staves
 o - a staff of cold {!a}
   (You found it on level 9 of the Dungeon)
 p - a staff of fire {!a}
   (You found it on level 3 of the Dungeon)
 P - a staff of fire {!a}
   (You found it on level 10 of the Dungeon)
Jewellery
 g - an amulet of regeneration (around neck)
   (You found it on level 4 of the Dungeon)
 C - a ring of protection from cold (right front paw)
   (You found it on level 6 of the Dungeon)
 F - a ring of protection from fire
   (You found it on level 2 of the Lair of Beasts)
 O - a +4 ring of protection (left front paw)
   (You found it on level 2 of the Dungeon)
 W - a ring of magical power
   (You found it on level 7 of the Dungeon)
 Z - a ring of wizardry
   (You found it on level 11 of the Dungeon)
Wands
 q - a wand of roots (10)
   (You found it on level 3 of the Dungeon)
 t - a wand of mindburst (10)
   (You found it on level 4 of the Dungeon)
 J - a wand of flame (42)
   (You found it on level 8 of the Dungeon)
 K - a wand of charming (11)
   (You found it on level 10 of the Dungeon)
 U - a wand of polymorph (12)
   (You took it off Joseph on level 8 of the Dungeon)
Scrolls
 c - 5 scrolls of magic mapping {!r}
 d - 4 scrolls of enchant armour
 v - 2 scrolls of poison
 x - 3 scrolls of immolation {!r!r}
 y - 8 scrolls of teleportation {@r4}
 A - 3 scrolls of brand weapon
 B - 4 scrolls of identify {@r1}
 I - 2 scrolls of vulnerability {!r!r}
 S - a scroll of blinking {!r}
Potions
 a - 3 potions of lignification {!q}
 b - 7 potions of curing {@q1}
 f - 2 potions of attraction {!q}
 j - 7 potions of brilliance
 k - 2 potions of flight
 l - 3 potions of might
 m - 2 potions of mutation {!q}
 n - 4 potions of heal wounds {@q2}
 r - a potion of magic
 u - 2 potions of berserk rage {!q}
 w - 7 potions of invisibility
 z - a potion of ambrosia
 E - a potion of cancellation
 H - 2 potions of degeneration {!q}
Miscellaneous
 M - a phantom mirror
   (You found it on level 10 of the Dungeon)
 N - a tin of tremorstones (2/2)
   (You found it on level 10 of the Dungeon)
 T - a box of beasts
   (You found it on level 1 of the Lair of Beasts)

Dungeon Overview and Level Annotations

Branches:
Dungeon (11/15) Zot: 25959  Temple (1/1) D:5 Zot: 5829    Lair (2/5) D:10 Zot: 10321
 Shoals (0/4) Lair:2          Orc (0/2) D:11
  Snake: Lair:2-3    Spider: Lair:2-3

Altars:
Ashenzari
Cheibriados
Dithmenos
Elyvilon
Fedhas
Gozag
Hepliaklqana
Kikubaaqudgha
Makhleb
Nemelex Xobeh
Okawaru
Qazlal
Ru
Sif Muna
Trog
Uskayaw
Vehumet
Wu Jian
Xom
Yredelemnul
Zin
The Shining One

Shops:
D:6 [   D:7 (   D:8 [

Annotations:
D:6 1 runed translucent door, cmoyniez's ghost, amateur MiBr
D:7 1 runed translucent door, NoAnimeNoLife's ghost, novice TeAE

##....####.##.#......##.###..
##.### ######.....##### #.#
### #P.....# ### #.....## ##
####....## #~###..).....# ##
###~~~.~~~...## ###
#.###~~~≈~.~≈~~.#### #.##
####..P~~≈##Y##≈~~~.P#####.##
#......~≈##.t.##≈~...........
#......~≈#.....#~~...........
#......~~#..>..#≈~...........
#..#.P#~≈#....?#≈~~#..###.#..
## ####~~##...##≈~##### ####.
#~~~#####≈~~.## #.
##~~~~≈≈≈~~...# ##
##~~~~~~~...P# #~


You could see a snapping turtle (slow).


Message History

😎 HP[-9] MP[+3]
You now have 85 max hp (-17).
Your mp is fully restored (22).
There are monsters nearby!
There are monsters nearby!
There are monsters nearby!
Casting: Ice Form (dangerous; 2% risk of failure)
Confirm with . or Enter, or press ? or * to list all spells.
You turn into a creature of crystalline ice.
The +3 Mad Mage's Maulers {Infuse+∞ RegenMP Int-3} melds into your body.
The surge of magic dissipates.
The bullfrog misses you. 😎 HP[+17] MP[-4]
You now have 102 max hp (+17).
Your hp is fully restored (102).
You lost 4 mp, and now have 18/22 mp.
You punch the bullfrog! You freeze the bullfrog. The bullfrog misses you.
The bullfrog hits you but does no damage.
You barely miss the bullfrog.
The snapping turtle bites you from afar!
The bullfrog completely misses you. 😕 HP[-16]
You take 16 damage, and now have 86/102 hp.
You hit the bullfrog.
The bullfrog seems to slow down.
You freeze the bullfrog.
The snapping turtle bites you but does no damage.
The bullfrog hits you but does no damage.
You completely miss the bullfrog.
The snapping turtle bites you from afar.
The bullfrog barely misses you. 😕 MP[+1]
You closely miss the bullfrog.
The snapping turtle bites you from afar!
You hit the bullfrog. You freeze the bullfrog.
You kill the bullfrog!
Your Transmutations skill increases to level 10! 😕 HP[-6]
You take 6 damage, and now have 80/102 hp.
The snapping turtle bites you!
There is an open door, spattered with blood here.
You are too injured to fight recklessly! 😮 HP[-12]
You take 12 damage, and now have 68/102 hp.
A snapping turtle is nearby!
A snapping turtle is nearby!
You are too injured to fight recklessly!
You are too injured to fight recklessly!
You are too injured to fight recklessly!
You are too injured to fight recklessly!
A snapping turtle is nearby!
A snapping turtle is nearby!
You are too injured to fight recklessly!
You are too injured to fight recklessly!
You are too injured to fight recklessly!
You are too injured to fight recklessly!
You hit the snapping turtle but do no damage.
The snapping turtle bites you! 😮 HP[-12]
You take 12 damage, and now have 56/102 hp.
Unknown command.
You punch the snapping turtle!
The snapping turtle seems to slow down.
You freeze the snapping turtle. The snapping turtle bites you!
* * * LOW HITPOINT WARNING * * *
😨 HP[-7]
You take 7 damage, and now have 49/102 hp.
Unknown command.
You punch the snapping turtle!
The snapping turtle seems to slow down.
You freeze the snapping turtle. 😨 HP[+1]
You punch the snapping turtle!
The snapping turtle seems to slow down.
You freeze the snapping turtle.
The snapping turtle bites you but does no damage. 😨 HP[+1] MP[+1]
You hit the snapping turtle but do no damage. 😮 HP[+1]
You hit the snapping turtle but do no damage.
The snapping turtle bites you!
* * * LOW HITPOINT WARNING * * *
😨 HP[-11]
You take 11 damage, and now have 41/102 hp.
You hit the snapping turtle but do no damage.
The snapping turtle bites you!
* * * LOW HITPOINT WARNING * * *
😨 HP[-9]
You take 9 damage, and now have 32/102 hp.
You hit the snapping turtle but do no damage. 😨 HP[+1] Unknown command.
You hit the snapping turtle but do no damage.
The snapping turtle bites you!!
You feel threatened and lose the ability to drink potions!
* * * LOW HITPOINT WARNING * * *
😱 HP[-20]
You take 20 damage, and now have 13/102 hp.
Unknown command.
You hit the snapping turtle but do no damage.
The snapping turtle barely misses you. 😱 HP[+1]
You hit the snapping turtle but do no damage. 😱 HP[+1] MP[+1]
You punch the snapping turtle! You freeze the snapping turtle.
The snapping turtle bites you!
You die...

Skill      XL: |  1  2  3  4  5  6  7  8  9 10 11 12 |
---------------+-------------------------------------+-----
Poison Magic   | 1 2 |  2.6
Transmutations | 3 4 5 6 7 9 10 | 10.0
Spellcasting   | 3 4 5 6 7 8 9 |  9.1
Unarmed Combat | 4 5 6 7 8 9 10 | 10.4
Ice Magic      | 1 3 4 6 8 10 12 | 12.7
Dodging        | 2 |  2.4
Fighting       | 2 |  2.3

Action                   |  1- 3 |  4- 6 |  7- 9 | 10-12 || total
-------------------------+-------+-------+-------+-------++-------
Melee: Unarmed           |    91 |   208 |   258 |   607 ||  1164
       Kick              |    16 |     4 |       |       ||    20
       Headbutt          |    11 |     2 |       |       ||    13
       Tailslap          |     4 |    10 |     2 |     3 ||    19
       Punch             |     2 |     2 |     1 |     1 ||     6
 Cast: Beastly Appendage |    18 |     8 |       |       ||    26
       Spider Form       |     1 |    15 |     8 |       ||    24
       Wereblood         |       |     2 |     7 |    16 ||    25
       Ice Form          |       |     2 |    17 |    58 ||    77
Invok: Sacrifice Essence |       |       |     1 |     1 ||     2
       Sacrifice Artific |       |       |       |     1 ||     1
       Draw Out Power    |       |       |       |     1 ||     1
       Sacrifice Drink   |       |       |       |     1 ||     1
 Abil: Breathe Noxious F |       |       |       |     5 ||     5
       End Transformatio |       |       |       |     2 ||     2
Evoke: Wand              |       |       |       |    13 ||    13
  Use: Scroll            |     9 |     3 |     5 |    10 ||    27
       Potion            |       |       |       |     2 ||     2
 Stab: Sleeping          |       |     1 |       |     1 ||     2
       Distracted        |       |       |     1 |     2 ||     3
       Confused          |       |       |       |     2 ||     2
       Invisible         |       |       |       |     2 ||     2
Armor: Skin              |    27 |    35 |   111 |   280 ||   453
Dodge: Dodged            |    51 |   122 |   148 |   294 ||   615

Levels and vault maps discovered:
D:1:      giann_bridges, layout_basic
D:2:      layout_basic
D:3:      minmay_inner_zag, layout_loops_ring,
          nzn_overflow_gifts_of_might_and_magic, corexii_item_surrounded_by_moat
D:4:      layout_loops_corners
D:5:      black_bear_nest_2, layout_basic, minmay_temple_entry_stoned_glass,
          serial_park_tiny_2
D:6:      layout_loops_cross, gammafunk_ghost_grave, nicolae_shop_dragon_depot,
          amcnicky_mini_rare_corridor_liquid, minmay_misc_feat_pillars,
          minmay_ruffians, uniq_blork_the_orc
D:7:      layout_loops_ring, okawaru_trees_2, kennysheep_mini_moat,
          gammafunk_ghost_grave, serial_shops, shop, uniq_menkaure
D:8:      layout_basic, nicolae_hepliaklqana_ecumenical_no_more,
          general_overflow_altar, serial_shops, nicolae_stop_n_shop_2,
          uniq_joseph
D:9:      layout_loops_corners, mainiacjoe_overflow_alcove_4,
          minmay_stone_trees_medium
D:10:     kennysheep_town
D:11:     layout_grid_maze, orc_0_dummy, uniq_harold
Temple:   nicolae_temple_superstar
Lair:1:   layout_gridlike, nicolae_lair_grazing_beasts
          [nicolae_sub_lair_graze_edge, nicolae_sub_lair_graze_edge,
          nicolae_sub_lair_graze_edge, nicolae_sub_lair_graze_edge]
Lair:2:   layout_hall_layers, minmay_shoals_entry_hut,
          ebering_ghost_disaster_area, infiniplex_staircase_pool, uniq_amaemon

Notes
Turn   | Place    | Note
-------+----------+-------------------------------------------
     0 | D:1      | kae the Draconian Transmuter began the quest for the Orb.
     0 | D:1      | Reached XP level 1. HP: 16/16 MP: 3/3
     0 | D:1      | magus.rc [v1.11.3]
   287 | D:1      | Reached XP level 2. HP: 23/23 MP: 3/5
   373 | D:1      | You pick up a book of Cantrips and begin reading...
   373 | D:1      | You add the spells Necrotise, Summon Small Mammal and
                  | Apportation to your library.
  1181 | D:2      | Reached XP level 3. HP: 18/28 MP: 4/6
  1184 | D:2      | Learned a level 2 spell: Wereblood
  1188 | D:2      | Learned a level 3 spell: Spider Form
  1881 | D:3      | Reached skill level 1 in Poison Magic
  1881 | D:3      | Reached XP level 4. HP: 33/35 MP: 5/8
  1904 | D:3      | You add the spells Malign Gateway and Summon Horrible
                  | Things to your library.
  1959 | D:3      | Reached skill level 3 in Transmutations
  2172 | D:3      | Found a bloodstained altar of Trog.
  2186 | D:3      | Noticed Jessica
  2189 | D:3      | Found a shimmering blue altar of Sif Muna.
  2193 | D:3      | Killed Jessica
  2194 | D:3      | Reached skill level 3 in Spellcasting
  2194 | D:3      | Reached skill level 2 in Poison Magic
  2194 | D:3      | Reached XP level 5. HP: 39/40 MP: 7/9
  2198 | D:3      | Got Sif Muna's Folio of Terra Firma
  2248 | D:3      | Learned a level 4 spell: Ice Form
  2451 | D:3      | Reached skill level 4 in Unarmed Combat
  2847 | D:3      | Reached skill level 1 in Ice Magic
  3385 | D:4      | Reached XP level 6. HP: 40/47 MP: 7/10
  3818 | D:4      | Reached skill level 2 in Ice Magic
  4305 | D:5      | Entered Level 5 of the Dungeon
  4314 | D:5      | HP: 10/47 [black bear (11)]
  4527 | D:5      | HP: 11/47 [iguana (11)]
  4535 | D:5      | HP: 9/47 [iguana (1)]
  4542 | D:4      | HP: 9/47 [iguana (2)]
  4761 | D:5      | Reached skill level 3 in Ice Magic
  4979 | D:5      | Your scales start taking on a lurid green colour.
  4979 | D:5      | Reached XP level 7. HP: 48/52 MP: 10/12
  4979 | D:5      | Gained mutation: Your system is resistant to poisons.
                  | (rPois) [Green Draconian growth]
  5086 | D:5      | Reached skill level 4 in Transmutations
  5117 | D:5      | Found a staircase to the Ecumenical Temple.
  5134 | Temple   | Entered the Ecumenical Temple
  5285 | Temple   | Became a worshipper of Ru the Awakened
  5753 | D:5      | Reached skill level 5 in Unarmed Combat
  5753 | D:5      | Reached skill level 4 in Spellcasting
  5918 | D:5      | Reached skill level 4 in Ice Magic
  6434 | D:6      | Reached XP level 8. HP: 59/59 MP: 12/14
  6471 | D:6      | Noticed Blork the orc
  6479 | D:6      | Killed Blork the orc
  6480 | D:6      | Reached skill level 5 in Ice Magic
  6560 | D:6      | Reached skill level 5 in Transmutations
  6587 | D:6      | Reached skill level 6 in Unarmed Combat
  6587 | D:6      | Reached skill level 5 in Spellcasting
  6587 | D:6      | Reached skill level 6 in Ice Magic
  6599 | D:6      | Reached XP level 9. HP: 64/64 MP: 14/16
  6630 | D:6      | You pick up a book of Air and begin reading...
  6630 | D:6      | You add the spells Shock, Swiftness and Airstrike to your
                  | library.
  6783 | D:6      | Found a runed translucent door.
  6784 | D:6      | Noticed cmoyniez's ghost (amateur MiBr)
  6878 | D:6      | Reached skill level 7 in Ice Magic
  6883 | D:6      | Reached skill level 6 in Transmutations
  7005 | D:6      | Found Daniel's Dragon-Slaying Spoils.
  7394 | D:6      | You pick up a book of Flames and begin reading...
  7394 | D:6      | You add the spells Inner Flame, Sticky Flame and Flame Wave
                  | to your library.
  7515 | D:7      | Gained mutation: Your casting is slightly disrupted. [Ru
                  | sacrifice]
  7515 | D:7      | Reached * piety under Ru
  7639 | D:7      | Found an iron altar of Okawaru.
  7779 | D:7      | Reached skill level 6 in Spellcasting
  7783 | D:7      | Reached skill level 7 in Unarmed Combat
  7783 | D:7      | Reached skill level 8 in Ice Magic
  7805 | D:7      | Found a basalt altar of Yredelemnul.
  7929 | D:7      | Noticed Menkaure
  7937 | D:7      | Killed Menkaure
  7973 | D:7      | Found Dutegav's Weapon Emporium.
  8042 | D:7      | Found a runed translucent door.
  8043 | D:7      | Noticed NoAnimeNoLife's ghost (novice TeAE)
  8377 | D:8      | Found Uredwy's Armour Shop.
  8390 | D:8      | Reached XP level 10. HP: 71/71 MP: 15/19
  8484 | D:8      | Noticed a two-headed ogre
  8492 | D:8      | Killed a two-headed ogre
  8493 | D:8      | Reached skill level 7 in Transmutations
  8585 | D:8      | Reached skill level 9 in Ice Magic
  8619 | D:8      | You pick up a book of Minor Magic and begin reading...
  8619 | D:8      | You add the spells Magic Dart, Call Imp and Mephitic Cloud
                  | to your library.
  8670 | D:8      | Found an ornate altar of the Wu Jian Council.
  8777 | D:8      | Found a faded altar of an unknown god.
  8777 | D:8      | Found a hazy altar of Hepliaklqana.
  8777 | D:8      | Found a faded altar of an unknown god.
  9027 | D:8      | Noticed Joseph
  9050 | D:8      | HP: 12/71 [Joseph/+0 quarterstaff (15)]
  9052 | D:8      | HP: 1/71 [Joseph/+0 quarterstaff (13)]
  9130 | D:8      | Killed Joseph
  9222 | D:8      | Identified the +3 hand axe of the Charming Scavenger
                  | {drain, rF+ Int+2}
  9554 | D:8      | Gained mutation: Your magical capacity is low. (-10% MP)
                  | [Ru sacrifice]
  9982 | D:9      | You pick up a book of the Tundra and begin reading...
  9982 | D:9      | You add the spells Hailstorm and Simulacrum to your
                  | library.
 10224 | D:9      | Reached skill level 8 in Unarmed Combat
 10288 | D:9      | Found a glowing golden altar of the Shining One.
 10378 | D:9      | Reached skill level 7 in Spellcasting
 10544 | D:10     | Entered Level 10 of the Dungeon
 10576 | D:10     | HP: 16/85 [freezing wraith (6)]
 10577 | D:10     | HP: 7/85 [freezing wraith (5)]
 10579 | D:10     | Reached skill level 10 in Ice Magic
 10768 | D:10     | Reached XP level 11. HP: 54/77 MP: 14/19
 10776 | D:10     | Reached skill level 8 in Transmutations
 11327 | D:10     | Found a staircase to the Lair.
 11366 | D:10     | Reached skill level 11 in Ice Magic
 11647 | D:10     | Noticed a two-headed ogre
 11701 | D:10     | Found the +3 Mad Mage's Maulers {Infuse+∞ RegenMP Int-3}
 11708 | D:10     | Gained mutation: You cannot study or use magical devices.
                  | [Ru sacrifice]
 11708 | D:10     | Reached ** piety under Ru
 11708 | D:10     | Reached *** piety under Ru
 11708 | D:10     | Reached **** piety under Ru
 11718 | D:10     | Killed a two-headed ogre
 11719 | D:10     | Reached skill level 9 in Unarmed Combat
 11719 | D:10     | Reached skill level 8 in Spellcasting
 11800 | D:10     | Identified the +9 falchion "Listrom" {drain, Str+3 Int+2}
 11871 | D:10     | Identified the +1 buckler "Rimpuan" {rElec rF- Int-3 Dex+6}
 12070 | D:10     | Found a broken altar of Ashenzari.
 12763 | D:11     | Found a staircase to the Orcish Mines.
 12921 | D:11     | Reached skill level 9 in Transmutations
 13028 | D:11     | Noticed Harold
 13054 | D:11     | Killed Harold
 13278 | D:11     | Reached skill level 12 in Ice Magic
 13284 | D:11     | Noticed a centaur warrior
 13293 | D:11     | Killed a centaur warrior
 13294 | D:11     | Reached XP level 12. HP: 83/83 MP: 3/22
 13644 | D:11     | You pick up a book of Death and begin reading...
 13644 | D:11     | You add the spells Animate Dead, Haunt and Infestation to
                  | your library.
 13723 | Lair:1   | Entered Level 1 of the Lair of Beasts
 13755 | Lair:1   | HP: 24/99 [wyvern (5)]
 14059 | Lair:1   | Gained mutation: You occasionally lose the ability to drink
                  | potions when taking damage. [Ru sacrifice]
 14059 | Lair:1   | Gained mutation: You sometimes lose the ability to drink
                  | potions when taking damage. [Ru sacrifice]
 14059 | Lair:1   | Reached ***** piety under Ru
 14686 | Lair:1   | Reached skill level 10 in Unarmed Combat
 14833 | Lair:2   | HP: 22/99 [electric eel/bolt of electricity (11)]
 14839 | Lair:2   | Found the +9 staff of Olgreb {rPois∞}
 15010 | Lair:2   | You pick up a book of Armaments and begin reading...
 15010 | Lair:2   | You add the spells Stone Arrow and Lehudib's Crystal Spear
                  | to your library.
 15131 | Lair:2   | Reached skill level 9 in Spellcasting
 15163 | Lair:2   | Noticed a four-headed hydra
 15173 | Lair:2   | Killed a four-headed hydra
 15174 | Lair:2   | Reached skill level 2 in Dodging
 15234 | Lair:2   | Noticed Amaemon
 15262 | Lair:2   | Killed Amaemon
 15263 | Lair:2   | Reached skill level 2 in Fighting
 15464 | Lair:2   | Found a staircase to the Shoals.
 15473 | Lair:2   | Reached skill level 10 in Transmutations
 15482 | Lair:2   | HP: 13/102 [snapping turtle (21)]
 15485 | Lair:2   | Slain by a snapping turtle

Vanquished Creatures
  Harold (D:11)
  A hydra (Lair:2)
  A centaur warrior (D:11)
  2 two-headed ogres
  Amaemon (Lair:2)
  A cyclops (D:11)
  Joseph (D:8)
  A manticore (D:11)
  A gargoyle (D:11)
  2 cane toads (Lair:1)
  A freezing wraith (D:10)
  An orange demon (Lair:2)
  A komodo dragon (Lair:1)
  A merfolk (D:10)
  A polar bear (Lair:2)
  5 trolls
  A shadow (D:9)
  8 wyverns
  A wraith (D:7)
  A vampire (D:10)
  28 yaks
  A basilisk (Lair:2)
  A hog (D:10)
  5 humans (D:6)
  A steam dragon (Lair:1)
  3 vampire mosquitoes (D:11)
  Menkaure (D:7)
  5 water moccasins
  An ice beast (D:8)
  2 orc warriors
  11 black bears
  A sky beast (D:8)
  11 centaurs
  2 phantoms
  Blork the orc (D:6)
  2 kobold brigands (D:8)
  4 gnoll sergeants
  A necrophage (D:6)
  3 scorpions
  15 bullfrogs
  7 wights
  11 killer bees
  11 electric eels
  11 howler monkeys
  4 hounds
  3 gnoll boudas
  10 orc priests
  4 jellies
  Jessica (D:3)
  7 iguanas
  16 orc wizards
  7 adders
  16 gnolls
  A shadow imp (D:5)
  A white imp (D:6)
  An ufetubus (D:5)
  2 worms (D:3)
  3 dart slugs
  34 orcs
  3 endoplasms
  3 giant cockroaches
  12 goblins
  8 hobgoblins
  2 jackals (D:3)
  4 quokkas
  4 ball pythons (D:1)
  4 bats
  4 frilled lizards
  18 kobolds
  5 rats
349 creatures vanquished.

Vanquished Creatures (others)
  A howler monkey (D:11)
  A gnoll (D:11)
  A fungus (Lair:2)
  37 plants
  4 withered plants
44 creatures vanquished.

Grand Total: 393 creatures vanquished

Table legend:
 A = Non-vault XP
 B = Vault XP
 C = Vault XP percentage of total XP
 D = Non-vault monster count
 E = Vault monster count
 F = Vault count percentage of total count
                 A         B        C        D         E       F
            +---------+---------+-------+---------+---------+-------
      Total |   20080 |   11806 |  37.0 |     281 |      69 |  19.7
            +---------+---------+-------+---------+---------+-------
        D:1 |      31 |       0 |   0.0 |      18 |       0 |   0.0
        D:2 |      45 |       0 |   0.0 |      11 |       0 |   0.0
        D:3 |     199 |      68 |  25.5 |      30 |       9 |  23.1
        D:4 |     200 |       0 |   0.0 |      14 |       0 |   0.0
        D:5 |     629 |     133 |  17.5 |      22 |       1 |   4.3
        D:6 |    1225 |    1055 |  46.3 |      28 |       6 |  17.6
        D:7 |    1696 |     172 |   9.2 |      31 |       1 |   3.1
        D:8 |    1920 |     508 |  20.9 |      29 |       1 |   3.3
        D:9 |    1450 |       0 |   0.0 |      20 |       0 |   0.0
       D:10 |    3618 |    5492 |  60.3 |      29 |      36 |  55.4
       D:11 |    4029 |     855 |  17.5 |      24 |       1 |   4.0
     Lair:1 |    1974 |    2391 |  54.8 |       9 |      12 |  57.1
     Lair:2 |    3064 |    1132 |  27.0 |      16 |       2 |  11.1
            +---------+---------+-------+---------+---------+-------

Illustrated notes

Table legend:
 A = Kills in this place as a percentage of kills in entire the game.
 B = Kills by you in this place as a percentage of kills by you in the entire game.
 C = Kills by friends in this place as a percentage of kills by friends in the entire game.
 D = Other kills in this place as a percentage of other kills in the entire game.
 E = Experience gained in this place as a percentage of experience gained in the entire game.
 F = Experience gained in this place divided by the number of levels of this place that you have seen.
                   A       B       C       D       E      F
               +-------+-------+-------+-------+-------+----------------------
         Total | 100.0 | 100.0 |   N/A | 100.0 | 100.0 | 2277.6
       Dungeon |  88.9 |  88.8 |   N/A | 100.0 |  73.2 | 2120.5
          Lair |  11.1 |  11.2 |   N/A |   0.0 |  26.8 | 4280.5
               +-------+-------+-------+-------+-------+----------------------

Table legend: (Time is in decaauts)
 A = Elapsed time spent in this place.
 B = Non-inter-level travel time spent in this place.
 C = Inter-level travel time spent in this place.
 D = Time resting spent in this place.
 E = Time spent auto-exploring this place.
 F = Levels seen in this place.
 G = Mean time per level.
                   A        B        C        D        E       F      G
               +--------+--------+--------+--------+--------+-----+--------+
         Total |  15375 |  14671 |    704 |    412 |  11696 |  14 | 1098.2 |
       Dungeon |  13526 |  12895 |    631 |    362 |  10306 |  11 | 1229.6 |
        Temple |    170 |    121 |     49 |      0 |    106 |   1 |  170.0 |
          Lair |   1678 |   1655 |     23 |     50 |   1284 |   2 |  839.0 |
               +--------+--------+--------+--------+--------+-----+--------+

Top non-repeatable levels by time:
    D:10: 2261 daAuts
     D:5: 1622 daAuts
     D:3: 1444 daAuts
     D:4: 1427 daAuts
     D:8: 1178 daAuts
     D:6: 1064 daAuts
     D:9: 963 daAuts
    D:11: 955 daAuts
     D:1: 931 daAuts
  Lair:1: 926 daAuts
     D:7: 860 daAuts
     D:2: 816 daAuts
  Lair:2: 752 daAuts
  Temple: 170 daAuts
